 Dungeon Crawl Stone Soup version 0.28-a0-850-g09de17f5b5 (webtiles) character file.

Game seed: 10919044103055032938

652 Crownlay the Chiller (level 7, -1/51 HPs)
             Began as a Gnoll Ice Elementalist on Nov 14, 2021.
             Slain by a phantom (2 damage)
             ... on level 5 of the Dungeon.
             The game lasted 00:06:11 (5170 turns).

Crownlay the Chiller (Gnoll Ice Elementalist)       Turns: 5170, Time: 00:06:12

Health: -1/51      AC: 11    Str:  7    XL:     7   Next: 54%
Magic:  14/15      EV: 14    Int: 16    God:
Gold:   107        SH:  0    Dex: 13    Spells: 10/17 levels left

rFire   . . .      SeeInvis .   b - +0 mace (protect)
rCold   . . .      Faith    .   (no shield)
rNeg    + . .      Spirit   .   o - +2 robe {rN+}
rPois   .          Reflect  .   (no helmet)
rElec   .          Harm     .   (no cloak)
rCorr   .          Rampage  .   (no gloves)
Will    .....                   (no boots)
Stlth   +++.......              (no amulet)
HPRegen 0.17/turn               (no ring)
MPRegen 0.14/turn               (no ring)

@: under a protective aura
A: fangs 1, strong nose, distributed training
a: no special abilities


You were on level 5 of the Dungeon.
You visited 2 branches of the dungeon, and saw 6 of its levels.

You collected 107 gold pieces.

Inventory:

Hand Weapons
 b - a +0 mace of protection (weapon)
Armour
 o - a +2 robe of positive energy (worn)
 p - a +0 buckler
Jewellery
 v - a ring of positive energy
Wands
 a - a wand of polymorph (12)
Scrolls
 c - a scroll of magic mapping {unknown}
 d - 5 scrolls of identify
 e - a scroll of amnesia {unknown}
 f - 4 scrolls of teleportation
 g - a scroll of noise {unknown}
 h - 3 scrolls of fog
 m - a scroll of vulnerability {unknown}
 q - a scroll of enchant armour {unknown}
 s - a scroll of fear {unknown}
Potions
 i - a potion of lignification {unknown}
 j - a potion of heal wounds
 k - a potion of might {unknown}
 l - a potion of mutation {unknown}
 n - a potion of invisibility {unknown}
 r - 2 potions of flight {unknown}
 t - a potion of brilliance
 u - a potion of curing {unknown}


   Skills:
 + Level 2.5 Fighting
 + Level 2.5 Short Blades
 + Level 2.5 Long Blades
 + Level 2.5 Axes
 + Level 2.5 Maces & Flails
 + Level 2.5 Polearms
 + Level 2.5 Staves
 + Level 2.5 Slings
 + Level 2.5 Bows
 + Level 2.5 Crossbows
 + Level 2.5 Throwing
 + Level 2.5 Armour
 + Level 5.3 Dodging
 + Level 4.9 Stealth
 + Level 2.5 Shields
 + Level 2.5 Unarmed Combat
 + Level 5.6 Spellcasting
 + Level 2.1 Conjurations
 + Level 2.1 Hexes
 + Level 2.1 Summonings
 + Level 2.1 Necromancy
 + Level 2.1 Translocations
 + Level 2.1 Transmutations
 + Level 2.1 Fire Magic
 + Level 7.4 Ice Magic
 + Level 2.1 Air Magic
 + Level 2.1 Earth Magic
 + Level 2.1 Poison Magic
 + Level 2.8 Invocations
 + Level 2.5 Evocations


You had 10 spell levels left.
You knew the following spells:

 Your Spells              Type           Power      Damage    Failure   Level
a - Freeze                Ice            100%       1d11      1%          1
b - Frozen Ramparts       Ice            56%        1d7       1%          3
c - Ozocubu's Armour      Ice            28%        N/A       1%          3

Your spell library contained the following spells:

 Spells                   Type           Power      Damage    Failure   Level
 Hailstorm                Conj/Ice       19%        3d6       21%         4


Dungeon Overview and Level Annotations

Branches:
Dungeon (5/15)             Temple (1/1) D:4

Altars:
Cheibriados
Dithmenos
Fedhas
Hepliaklqana
Kikubaaqudgha
Makhleb
Nemelex Xobeh
Okawaru
Qazlal
Ru
Sif Muna
Trog
Vehumet
Wu Jian
Xom
Yredelemnul
Zin

Shops:
D:2 [   D:4 =


Innate Abilities, Weirdness & Mutations

You have very sharp teeth.
Your uncanny sense of smell can sniff out nearby items.
Your experience applies equally to all skills.


Message History

The phantom is almost destroyed.
The phantom misses you.
You barely miss the phantom.
The phantom is almost destroyed.
The phantom hits you but does no damage.
You hit the phantom.
Your weapon exudes an aura of protection.
The phantom is almost destroyed.
The phantom hits you but does no damage. x2
You miss the phantom.
The phantom is almost destroyed.
The phantom hits you.
The phantom blinks!
You blink.
You completely miss the phantom.
The phantom is almost destroyed.
The phantom hits you.
* * * LOW HITPOINT WARNING * * *
You miss the phantom.
The phantom is almost destroyed.
The phantom closely misses you. The phantom barely misses you.
You barely miss the phantom.
The phantom is almost destroyed.
The phantom closely misses you.
You closely miss the phantom.
The phantom is almost destroyed.
The phantom hits you.
* * * LOW HITPOINT WARNING * * *
You hit the phantom but do no damage.
Your weapon exudes an aura of protection.
The phantom is almost destroyed.
The phantom hits you.
* * * LOW HITPOINT WARNING * * *
Casting: Frozen Ramparts (safe; 1% risk of failure)
Confirm with . or Enter, or press ? or * to list all spells.
Aiming: Freeze (safe; 1% risk of failure)
Press: ? - help, Shift-Dir - straight line, f - phantom
Aim: a phantom (almost destroyed)
You freeze the phantom.
The phantom resists.
The phantom is almost destroyed.
The phantom hits you.
You die...

##...###
#......###
##........###
#...........##
#............#
#............##.#
##............#.##
#.............#.#
##.......@....#.#
##.....W.......#
##...........#.
###.........# ∆
##........#
##.......##
###....#.#
##.###.# .. ∆
####.##


You could see a phantom.

Vanquished Creatures
  Sigmund (D:3)
  A black bear (D:5)
  A necrophage (D:4)
  2 hounds (D:5)
  A centaur skeleton (D:4)
  A jelly (D:4)
  An orc wizard (D:2)
  A hound zombie (D:5)
  7 adders
  A shadow imp (D:5)
  A worm (D:3)
  10 dart slugs
  3 orcs (D:2)
  9 endoplasms
  A giant cockroach (D:2)
  4 goblins
  3 hobgoblins
  4 quokkas
  6 ball pythons
  8 bats
  3 frilled lizards
  6 kobolds
  7 rats
82 creatures vanquished.

Notes
Turn   | Place    | Note
-------+----------+-------------------------------------------
     0 | D:1      | Crownlay the Gnoll Ice Elementalist began the quest for the
                  | Orb.
     0 | D:1      | Reached XP level 1. HP: 13/13 MP: 6/6
   190 | D:1      | Reached XP level 2. HP: 19/19 MP: 7/7
   894 | D:1      | Reached XP level 3. HP: 25/25 MP: 9/9
   898 | D:1      | Learned a level 3 spell: Frozen Ramparts
   902 | D:1      | Learned a level 3 spell: Ozocubu's Armour
   985 | D:2      | Reached skill level 5 in Spellcasting
   999 | D:2      | Found Zahusch's Armour Boutique.
  1379 | D:2      | Reached skill level 1 in Invocations
  1503 | D:2      | Reached skill level 1 in Fighting
  1503 | D:2      | Reached skill level 1 in Short Blades
  1503 | D:2      | Reached skill level 1 in Long Blades
  1503 | D:2      | Reached skill level 1 in Axes
  1503 | D:2      | Reached skill level 1 in Maces & Flails
  1503 | D:2      | Reached skill level 1 in Polearms
  1503 | D:2      | Reached skill level 1 in Staves
  1503 | D:2      | Reached skill level 1 in Slings
  1503 | D:2      | Reached skill level 1 in Bows
  1503 | D:2      | Reached skill level 1 in Crossbows
  1503 | D:2      | Reached skill level 1 in Throwing
  1503 | D:2      | Reached skill level 1 in Armour
  1503 | D:2      | Reached skill level 1 in Shields
  1503 | D:2      | Reached skill level 1 in Unarmed Combat
  1503 | D:2      | Reached skill level 1 in Evocations
  1583 | D:2      | Reached XP level 4. HP: 32/32 MP: 7/11
  1704 | D:2      | Reached skill level 1 in Conjurations
  1704 | D:2      | Reached skill level 1 in Hexes
  1704 | D:2      | Reached skill level 1 in Summonings
  1704 | D:2      | Reached skill level 1 in Necromancy
  1704 | D:2      | Reached skill level 1 in Translocations
  1704 | D:2      | Reached skill level 1 in Transmutations
  1704 | D:2      | Reached skill level 1 in Fire Magic
  1704 | D:2      | Reached skill level 1 in Air Magic
  1704 | D:2      | Reached skill level 1 in Earth Magic
  1704 | D:2      | Reached skill level 1 in Poison Magic
  2454 | D:3      | Found a faded altar of an unknown god.
  2493 | D:3      | Reached XP level 5. HP: 31/37 MP: 12/12
  3055 | D:3      | Noticed Sigmund
  3082 | D:3      | Killed Sigmund
  3083 | D:3      | Reached skill level 5 in Dodging
  3083 | D:3      | Reached XP level 6. HP: 18/44 MP: 2/14
  3877 | D:4      | Found Ysuridong's Jewellery Boutique.
  3975 | D:4      | Noticed a necrophage
  3999 | D:4      | Killed a necrophage
  4000 | D:4      | Reached XP level 7. HP: 15/50 MP: 6/15
  4222 | D:4      | Found a staircase to the Ecumenical Temple.
  4231 | Temple   | Entered the Ecumenical Temple
  4721 | D:5      | Entered Level 5 of the Dungeon
  4851 | D:5      | Found a sparkling altar of Nemelex Xobeh.
  5169 | D:5      | HP: 1/51 [phantom (6)]
  5170 | D:5      | Slain by a phantom

Illustrated notes

Levels and vault maps discovered:
D:1:      minmay_arrival_shattered_statue, layout_basic
D:2:      layout_loops_corners, serial_shops, shop
D:3:      kennysheep_slugbush, layout_basic,
          hellmonk_ecumenical_altar_slurped_away, uniq_sigmund
D:4:      layout_rooms, minmay_temple_entry_ruins, serial_shops, shop,
          hangedman_abyss_or_decor_stagger
D:5:      layout_cave_pods, lemuel_tele_altar,
          chequers_temple_overflow_statue_of_worship, minmay_pentangle
Temple:   regret_index_temple_sphere_string

Skill      XL: |  1  2  3  4  5  6  7 |
---------------+----------------------+-----
Spellcasting   | 5 |  5.6
Invocations    | 1 2 |  2.8
Fighting       | 1 2 |  2.5
Short Blades   | 1 2 |  2.5
Long Blades    | 1 2 |  2.5
Axes           | 1 2 |  2.5
Maces & Flails | 1 2 |  2.5
Polearms       | 1 2 |  2.5
Staves         | 1 2 |  2.5
Slings         | 1 2 |  2.5
Bows           | 1 2 |  2.5
Crossbows      | 1 2 |  2.5
Throwing       | 1 2 |  2.5
Armour         | 1 2 |  2.5
Shields        | 1 2 |  2.5
Unarmed Combat | 1 2 |  2.5
Evocations     | 1 2 |  2.5
Conjurations   | 1 2 |  2.1
Hexes          | 1 2 |  2.1
Summonings     | 1 2 |  2.1
Necromancy     | 1 2 |  2.1
Translocations | 1 2 |  2.1
Transmutations | 1 2 |  2.1
Fire Magic     | 1 2 |  2.1
Air Magic      | 1 2 |  2.1
Earth Magic    | 1 2 |  2.1
Poison Magic   | 1 2 |  2.1
Dodging        | 5 |  5.3
Stealth        | |  4.9
Ice Magic      | |  7.4

Action                   |  1- 3 |  4- 6 |  7- 9 || total
-------------------------+-------+-------+-------++-------
Melee: Mace              |    85 |    98 |    71 ||   254
       Bite              |     3 |     9 |     5 ||    17
       Punch             |     1 |       |     1 ||     2
 Cast: Freeze            |    12 |    11 |    15 ||    38
       Frozen Ramparts   |     4 |     6 |     3 ||    13
       Ozocubu's Armour  |     2 |     3 |     1 ||     6
  Use: Potion            |       |     1 |       ||     1
       Scroll            |       |       |     2 ||     2
 Stab: Sleeping          |     5 |     7 |     1 ||    13
Armor: Robe              |    33 |    55 |    39 ||   127
Dodge: Dodged            |    90 |    94 |    71 ||   255

Table legend: (Time is in decaauts)
 A = Elapsed time spent in this place.
 B = Non-inter-level travel time spent in this place.
 C = Inter-level travel time spent in this place.
 D = Time resting spent in this place.
 E = Time spent auto-exploring this place.
 F = Levels seen in this place.
 G = Mean time per level.
                   A        B        C        D        E       F      G
               +--------+--------+--------+--------+--------+-----+--------+
         Total |   5268 |   5185 |     83 |      0 |   4247 |   6 |  878.0 |
       Dungeon |   5106 |   5042 |     64 |      0 |   4119 |   5 | 1021.2 |
        Temple |    161 |    142 |     19 |      0 |    128 |   1 |  161.0 |
               +--------+--------+--------+--------+--------+-----+--------+

Top non-repeatable levels by time:
     D:3: 1620 daAuts
     D:2: 1325 daAuts
     D:1: 963 daAuts
     D:4: 733 daAuts
     D:5: 463 daAuts
  Temple: 161 daAuts
